[Event "EICC 2025"]
[Site "Eforie-Nord"]
[Date "2025.03.17"]
[Round "3.13"]
[White "Dotzer, Lukas"]
[Black "Stefansson, Vignir Vatnar"]
[Result "1/2-1/2"]
[Annotator "RC"]
[ECO "B23"]
[WhiteElo "2425"]
[BlackElo "2551"]
[PlyCount "88"]
[EventDate "2025.03.14"]
[EventType "swiss"]
[EventCountry "ROU"]
[SourceTitle "playchess.com"]
[Source "ChessBase"]
[SourceQuality "1"]
[TimeControl "40/5400+30:1800+30"]

1. e4 c5 2. Nc3 e6 3. Nge2 Nf6 4. d4 d5 5. exd5 exd5 6. Be3 c4 7. g3 Bg4 8. Bg2 Bb4 9. O-O Bxc3 10. bxc3 Qe7 11. Re1 Nbd7 12. Qb1 Bxe2 13. Qxb7 Rb8 14. Qxa7 O-O 15. Rxe2 Ra8 16. Qc7 Rfc8 17. Qf4 Qa3 18. g4 Qxc3 19. Rae1 h6 20. h4 Nf8 21. g5 Ng6 22. Qg3 hxg5 23. Qxg5 Nf8 24. h5 Ne6 25. Qh4 Rxa2 26. h6 Rxc2 27. hxg7 Nh7 28. Rxc2 Qxe1+ 29. Kh2 Qa5 30. Bh3 Qd8 31. Qh5 Nxg7 32. Qh6 Rb8 33. Qf4 Rb6 34. Ra2 Nf8 35. Ra7 Rf6 36. Qg3 Qd6 37. Qxd6 Rxd6 38. Bg2 Nf5 39. Bf4 Rd8 40. Bg5 Rd6 41. Bf4 Rd8 42. Bc7 Rc8 43. Bh3 Ne6 44. Be5 c3 1/2-1/2

[Event "EICC 2025"]
[Site "Eforie-Nord"]
[Date "2025.03.17"]
[Round "3.14"]
[White "Ahmadzada, Ahmad"]
[Black "Shohat, Yotam"]
[Result "1-0"]
[Annotator "RC"]
[ECO "B51"]
[WhiteElo "2550"]
[BlackElo "2386"]
[PlyCount "113"]
[EventDate "2025.03.14"]
[EventType "swiss"]
[EventCountry "ROU"]
[SourceTitle "playchess.com"]
[Source "ChessBase"]
[SourceQuality "1"]
[TimeControl "40/5400+30:1800+30"]

1. e4 c5 2. Nf3 d6 3. Bb5+ Nd7 4. O-O a6 5. Bxd7+ Bxd7 6. c3 Nf6 7. Re1 e6 8. d4 Be7 9. dxc5 dxc5 10. e5 Nd5 11. c4 Nb6 12. Qe2 g5 13. Nc3 g4 14. Nd2 Bc6 15. Nde4 Qd4 16. Bg5 Qxe5 17. Bxe7 Kxe7 18. Qxg4 Rag8 19. Qh4+ f6 20. Rad1 Qf5 21. Ng3 Qg5 22. Qh3 Bd7 23. Rxd7+ Kxd7 24. Qxe6+ Kc7 25. Qf7+ Nd7 26. Nd5+ Kc8 27. f4 Qg4 28. Qe7 Kb8 29. Qd6+ Ka7 30. Ne3 Qg7 31. Nef5 Qf7 32. Re7 Qxc4 33. Rxd7 Qc1+ 34. Nf1 Qxb2 35. Qxc5+ Ka8 36. Rd2 Qb1 37. Nd6 Rd8 38. Kf2 Kb8 39. Ne3 Rd7 40. Qf5 Qxf5 41. Nexf5 Rhd8 42. Kf3 b5 43. Ke4 Kc7 44. Rc2+ Kb6 45. Kd5 Rc7 46. Re2 a5 47. Ke6 b4 48. Kxf6 a4 49. g4 Rf8+ 50. Ke6 Ka6 51. Ne3 Rb8 52. Kd5 b3 53. axb3 Rxb3 54. Nec4 Rd3+ 55. Ke4 Rb3 56. Ra2 Rb4 57. Kd5 1-0

[Event "EICC 2025"]
[Site "Eforie-Nord"]
[Date "2025.03.17"]
[Round "3.14"]
[White "Parligras, Mircea-Emilian"]
[Black "Lagarde, Maxime"]
[Result "1/2-1/2"]
[Annotator "TA"]
[ECO "D45"]
[WhiteElo "2518"]
[BlackElo "2615"]
[PlyCount "48"]
[EventDate "2025.03.14"]
[EventType "swiss"]
[EventCountry "ROU"]
[SourceTitle "playchess.com"]
[Source "ChessBase"]
[SourceQuality "1"]
[TimeControl "40/5400+30:1800+30"]

1. d4 Nf6 2. c4 e6 3. Nc3 d5 4. Nf3 c6 5. e3 Nbd7 6. Qc2 Bd6 7. b3 O-O 8. Be2 e5 9. cxd5 cxd5 10. Nb5 Bb4+ 11. Bd2 Bxd2+ 12. Nxd2 a6 {[%emt 0:00:05] The position is equal.} 13. dxe5 {[%emt 0:01:58] D45: Semi-Slav: 5 e3.} Nxe5 14. Nd4 Bg4 15. Bxg4 Nfxg4 16. O-O Rc8 17. Qd1 g6 {[%emt 0:04:22] A rather calm draw.   Weighted Error Value: White=0.00 (flawless) /Black=0.00 (flawless)   OK:         	White=3     	Black=2} 18. Rc1 $146 Qd6 19. N2f3 Nf6 20. Nxe5 Qxe5 21. Qd2 Ne4 22. Qb4 Rc7 23. Nf3 Qe7 24. Qxe7 Rxe7 {½-½ Ivanchuk,V (2769)-Topalov,V (2752) Wch Rapid Astana 2012 (6)} 1/2-1/2

[Event "EICC 2025"]
[Site "Eforie-Nord"]
[Date "2025.03.17"]
[Round "3.15"]
[White "Erdogmus, Yagiz Kaan"]
[Black "Kosakowski, Jakub"]
[Result "1/2-1/2"]
[Annotator "TA"]
[ECO "B90"]
[WhiteElo "2605"]
[BlackElo "2515"]
[PlyCount "89"]
[EventDate "2025.03.14"]
[EventType "swiss"]
[EventCountry "ROU"]
[SourceTitle "playchess.com"]
[Source "ChessBase"]
[SourceQuality "1"]
[TimeControl "40/5400+30:1800+30"]

1. e4 c5 2. Nf3 d6 3. d4 cxd4 4. Nxd4 Nf6 5. Nc3 a6 6. f3 e5 7. Nb3 Be6 8. Be3 Nbd7 9. g4 h6 10. Qd2 b5 11. O-O-O Nb6 12. Qf2 Rb8 $1 {[%emt 0:00:28][%mdl 4] outshines the older 12...Nfd7. B90: Sicilian Najdorf: Unusual White 6th moves, 6 Be3 Ng4 and 6 Be3 e5.} 13. Nc5 Bc8 14. Nd3 {[%emt 0:01:24][%cal Od3e5] White has more active pieces.} Nc4 {[%emt 0:13:43] White is slightly better.} 15. Nb4 {[%emt 0:01:11] [#] and Bxc4 should not be overlooked} Nxe3 16. Qxe3 Qb6 $146 (16... Be7 17. h4 Bb7 18. Qe1 O-O 19. Kb1 a5 20. Nbd5 b4 21. Nxe7+ Qxe7 22. Ne2 Rfc8 {1-0 Blehm,P (2535)-Alvarez Marquez,J (2379) Bermuda-B 2002 (6)}) 17. Qxb6 Rxb6 18. h4 Be7 19. Be2 g6 20. Rhg1 Bb7 21. g5 (21. Kb1 $14) 21... hxg5 {[%emt 0:01:46] The position is equal.} 22. hxg5 Nh5 23. Ncd5 {[%emt 0:00:31] Repels Nf4} Bxd5 24. Nxd5 Nf4 25. Nxf4 ({Don't play} 25. Nxb6 Nxe2+ 26. Kb1 Nxg1 27. Rxg1 Bxg5 $17) 25... exf4 26. Rh1 {[%emt 0:00:27] Repels Rh2} Rxh1 27. Rxh1 Bxg5 $11 {[%emt 0:03:34][%mdl 4096] Endgame KRB-KRB. Black is a pawn up.} 28. Rh8+ Ke7 29. Ra8 Bf6 30. c3 Rc6 31. a3 {[%emt 0:01:18][%mdl 1024] White has compensation.} Bd4 32. Kc2 Be3 33. Bf1 Kf6 34. Bh3 Rc5 35. Rxa6 Rh5 36. Bg4 (36. Rxd6+ Ke7 37. Rd7+ Ke8 $19) 36... Rh2+ 37. Kb1 Rd2 38. Ra5 Rg2 {[%emt 0:00:31][%cal Og2g4] [#] And now ...Rxg4! would win.} 39. Bd7 (39. Rxb5 Rxg4 40. fxg4 f3 $19) 39... Rg3 40. Bc6 $1 Kg7 (40... Rxf3 $2 41. e5+ (41. Rxb5 $2 {perishes.} Rf1+ 42. Ka2 f3 $19) 41... dxe5 42. Bxf3 $18) 41. e5 {[%emt 0:02:41] Opposite bishops and equal position} dxe5 42. Rxb5 Kf6 43. Kc2 Rg2+ 44. Kd3 Rd2+ 45. Kc4 $1 {[%emt 0:00:43] Weighted Error Value: White=0.06 (flawless) /Black=0.03 (flawless)   Mistake:       	White=1     	---        Inaccurate:     	White=1     	---        OK:         	White=14    	Black=14     Best:        	White=3     	---        Strong:       	White=2     	---} (45. Ke4 Ke6 46. Rxe5+ Kd6 47. Rd5+ Rxd5 (47... Kxc6 $2 48. Rxd2 Bxd2 49. a4 $19) 48. Bxd5 f5+ 49. Kd3 Kxd5 $19) 1/2-1/2

[Event "EICC 2025"]
[Site "Eforie-Nord"]
[Date "2025.03.17"]
[Round "3.15"]
[White "Willems, Niels"]
[Black "Gavrilescu, David"]
[Result "0-1"]
[Annotator "RC"]
[ECO "B92"]
[WhiteElo "2406"]
[BlackElo "2549"]
[PlyCount "88"]
[EventDate "2025.03.14"]
[EventType "swiss"]
[EventCountry "ROU"]
[SourceTitle "playchess.com"]
[Source "ChessBase"]
[SourceQuality "1"]
[TimeControl "40/5400+30:1800+30"]

1. e4 c5 2. Nf3 d6 3. d4 cxd4 4. Nxd4 Nf6 5. Nc3 a6 6. Be2 e5 7. Nb3 Be7 8. Be3 Be6 9. Nd5 Nbd7 10. Qd3 Bxd5 11. exd5 Rc8 12. c4 O-O 13. O-O a5 14. a4 b6 15. h3 g6 16. Bh6 Re8 17. Rac1 Bf8 18. Bg5 h6 19. Be3 Bg7 20. Bg4 Nxg4 21. hxg4 e4 22. Qe2 Ne5 23. Bd4 Qh4 24. Rc3 Qxg4 25. Qxg4 Nxg4 26. Bxg7 Kxg7 27. Re1 f5 28. Nd4 Ne5 29. b3 Kf6 30. Nb5 Red8 31. Kf1 Rd7 32. Ke2 h5 33. Kd2 h4 34. Rh3 g5 35. Nd4 Rh8 36. Reh1 Nd3 37. Rf1 g4 38. Rh2 f4 39. f3 g3 40. fxe4 gxh2 41. Kxd3 Rg7 42. Rxf4+ Ke7 43. Nf5+ Kd7 44. Rf1 Rg3+ 0-1

[Event "EICC 2025"]
[Site "Eforie-Nord"]
[Date "2025.03.17"]
[Round "3.16"]
[White "Malek, Jan"]
[Black "Huschenbeth, Niclas"]
[Result "1/2-1/2"]
[Annotator "TA"]
[ECO "C42"]
[WhiteElo "2504"]
[BlackElo "2589"]
[PlyCount "55"]
[EventDate "2025.03.14"]
[EventType "swiss"]
[EventCountry "ROU"]
[SourceTitle "playchess.com"]
[Source "ChessBase"]
[SourceQuality "1"]
[TimeControl "40/5400+30:1800+30"]

1. e4 e5 2. Nf3 Nf6 3. Nxe5 d6 4. Nf3 Nxe4 5. d4 d5 6. Bd3 Bd6 7. O-O O-O 8. c4 c6 9. Re1 Bf5 10. Qb3 Qd7 {[%emt 0:02:50] A sharp opening C42: Petroff Defence: 3 Nxe5 and unusual White 3rd moves.} 11. c5 (11. Nc3 $14) 11... Bc7 $11 12. Nc3 (12. Nh4 $142) 12... Re8 {[%emt 0:12:46] Black has an edge.} (12... Nxc5 $5 13. dxc5 Bxd3 $17) 13. Ne2 $146 {[%emt 0:00:14][%cal Oc1f4] The position is equal.} (13. Be3 h6 14. Nh4 Bh7 15. g3 Bd8 16. Nf3 Bf6 17. Rad1 Na6 18. Bxe4 dxe4 19. Ne5 Bxe5 20. dxe5 {½-½ Maghsoodloo,P (2740)-Nepomniachtchi,I (2769) Tata Steel-A 86th 2024 (7)}) 13... Qc8 14. Bf4 Nd7 15. Qc2 Bg6 16. b4 Nef6 {[%emt 0:05:27][%cal Oe8e2] [#] ...Rxe2! is the strong threat.} 17. g3 a5 18. a3 Bh5 (18... Bxd3 19. Qxd3 Bxf4 20. Nxf4 axb4 21. axb4 Rxe1+ 22. Rxe1 Ne4) 19. Bxc7 axb4 (19... Qxc7 {simplifies} 20. Nh4 Bxe2 21. Bxe2 Nf8) 20. Nh4 {[%emt 0:07:29] [#]} Bxe2 21. Bxe2 {[%emt 0:00:41] Black must now prevent Bf4.} b3 22. Qxb3 Qxc7 23. Bd3 Rxe1+ 24. Rxe1 g6 25. Nf3 b6 26. cxb6 Qxb6 27. Qxb6 Nxb6 28. Rc1 {[%emt 0:00:21] Weighted Error Value: White=0.11 (very precise) /Black=0.07 (flawless)   Mistake:       	White=2     	---        Inaccurate:     	White=1     	Black=2      OK:         	White=8     	Black=7      Best:        	---       	Black=2} 1/2-1/2

[Event "EICC 2025"]
[Site "Eforie-Nord"]
[Date "2025.03.17"]
[Round "3.16"]
[White "Eren, Ataberk"]
[Black "Dragnev, Valentin"]
[Result "0-1"]
[Annotator "RC"]
[ECO "B22"]
[WhiteElo "2402"]
[BlackElo "2545"]
[PlyCount "150"]
[EventDate "2025.03.14"]
[EventType "swiss"]
[EventCountry "ROU"]
[SourceTitle "playchess.com"]
[Source "ChessBase"]
[SourceQuality "1"]
[TimeControl "40/5400+30:1800+30"]

1. e4 c5 2. c3 d5 3. exd5 Qxd5 4. d4 Nf6 5. Nf3 e6 6. Na3 Qd8 7. Be2 Nc6 8. O-O cxd4 9. Nb5 Bc5 10. Nbxd4 Nxd4 11. Nxd4 Bxd4 12. Qa4+ Bd7 13. Qxd4 Bc6 14. Qxd8+ Kxd8 15. Be3 Nd5 16. Rfd1 Kc7 17. Bd4 f6 18. g3 Rhd8 19. c4 Ne7 20. Bg4 Nf5 21. Bc3 Rxd1+ 22. Rxd1 Re8 23. b3 Nd6 24. Bh5 Ra8 25. Bb4 Ne4 26. Be2 a5 27. Be1 Ng5 28. Rd3 e5 29. Bd2 Ne6 30. Be3 b6 31. f3 Re8 32. Kf2 f5 33. Rd1 f4 34. gxf4 Nxf4 35. Bf1 Rf8 36. c5 bxc5 37. Bxc5 Nh3+ 38. Ke1 Rxf3 39. Bd6+ Kb7 40. Rc1 Nf4 41. Kd2 e4 42. Ba6+ Kb6 43. Be2 Nxe2 44. Bc5+ Kb7 45. Kxe2 Bb5+ 46. Kd2 Rd3+ 47. Kc2 Rh3 48. Bg1 e3 49. Kc3 Rf3 50. Re1 e2+ 51. Kd2 Kc6 52. Rc1+ Kb7 53. Be3 Rf1 54. Re1 Kc6 55. Bd4 g5 56. Bc3 Kb6 57. Bd4+ Kb7 58. Bc3 Kb6 59. Bd4+ Kc6 60. Bc3 a4 61. bxa4 Ba6 62. Kc2 Kd5 63. Rc1 Rf2 64. Be1 Rxh2 65. Rb1 Rh6 66. a5 Rc6+ 67. Kd2 h5 68. Ke3 Re6+ 69. Kd2 h4 70. Rb3 Rh6 71. Rh3 Ke4 72. Rb3 h3 73. Bg3 h2 74. Bxh2 Rxh2 75. Rb6 Rh1 0-1

[Event "EICC 2025"]
[Site "Eforie-Nord"]
[Date "2025.03.17"]
[Round "3.17"]
[White "Muradli, Mahammad"]
[Black "Brunello, Sabino"]
[Result "1/2-1/2"]
[Annotator "TA"]
[ECO "A01"]
[WhiteElo "2584"]
[BlackElo "2494"]
[PlyCount "76"]
[EventDate "2025.03.14"]
[EventType "swiss"]
[EventCountry "ROU"]
[SourceTitle "playchess.com"]
[Source "ChessBase"]
[SourceQuality "1"]
[TimeControl "40/5400+30:1800+30"]

1. b3 d5 2. Bb2 Bf5 3. d3 e6 4. Nd2 Nf6 5. g3 a5 6. Bg2 {[%emt 0:06:15] A01: Nimzowitsch-Larsen Opening.} a4 7. e4 Bg6 8. Ne2 $146 ({Predecessor:} 8. exd5 Nxd5 9. Ngf3 a3 10. Be5 f6 11. Bd4 Nc6 12. Be3 Nc3 13. Qc1 Bb4 14. Kf1 Bxd3+ 15. cxd3 Qxd3+ {0-1 Artemiev,V (2704)-Tang,A (2538) Katara Bullet Final blitz 2021 (4.7)}) 8... a3 (8... dxe4 $11 9. dxe4 a3) 9. Bxf6 $14 Qxf6 10. exd5 exd5 11. Bxd5 Nc6 12. O-O (12. Bxc6+ Qxc6 13. O-O O-O-O $11) 12... O-O-O $1 13. Nf4 Kb8 14. Bg2 (14. Ne4 $6 Bxe4 15. Bxe4 (15. dxe4 Nb4 $15) 15... Nb4 $11) 14... Nb4 15. Nc4 Bc5 16. Qd2 Bf5 ({Black should play} 16... c6 $14) 17. Ne3 (17. Nxa3 g5 18. Nh5 Qg6 $17) (17. Na5 $16) 17... h5 {[%emt 0:01:11] [#]} 18. Rad1 (18. h4 $1 $16) 18... h4 $1 $11 {[%emt 0:06:00] White must now prevent ...hxg3.} (18... Nxa2 $6 19. Nfd5 Bxe3 20. Nxe3 $16) 19. Nxf5 (19. c3 {is more complex.} Nxd3 20. Nfd5 Bxe3 21. Qxe3 Qe6 22. Qxe6 fxe6 23. Ne3) 19... Qxf5 20. c3 hxg3 $1 21. hxg3 (21. cxb4 $5 gxf2+ 22. Kh1 $11) 21... g5 $1 (21... Qh7 $6 22. Rfe1 $16) 22. cxb4 gxf4 23. Qxf4 (23. bxc5 Qh5 24. f3 Qh2+ (24... Qxc5+ $2 {loses.} 25. d4 $18) 25. Kf2 Qxg3+ 26. Ke2 Rhe8+ (26... Qxg2+ {gets mated.} 27. Rf2 Rhe8+ 28. Qe3 Rxe3+ 29. Kd2 Rexd3+ 30. Kc2 Qxf2+ 31. Rd2 Rxd2+ 32. Kc3 Qxc5#)) 23... Qxf4 24. gxf4 Bxb4 25. d4 Rh4 26. Rd3 Rxf4 27. Rfd1 Rd6 28. Bf3 Ba5 29. Kg2 Bb6 30. d5 Rg6+ 31. Kf1 Rh6 32. R1d2 Rh3 33. Kg2 Rh6 34. Rc2 Rg6+ 35. Kf1 Rgf6 36. Kg2 Rg6+ 37. Kf1 Rgf6 38. Kg2 Rg6+ {[%emt 0:00:08] Weighted Error Value: White=0.16 (very precise) /Black=0.10 (very precise)   Mistake:       	White=2     	Black=2      Inaccurate:     	White=2     	Black=3      OK:         	White=10    	Black=12     Best:        	White=6     	Black=1      Strong:       	---       	Black=4} 1/2-1/2

[Event "EICC 2025"]
[Site "Eforie-Nord"]
[Date "2025.03.17"]
[Round "3.17"]
[White "Sokolovsky, Yahli"]
[Black "Pastar, Slaven"]
[Result "1-0"]
[Annotator "RC"]
[ECO "C42"]
[WhiteElo "2545"]
[BlackElo "2377"]
[PlyCount "71"]
[EventDate "2025.03.14"]
[EventType "swiss"]
[EventCountry "ROU"]
[SourceTitle "playchess.com"]
[Source "ChessBase"]
[SourceQuality "1"]
[TimeControl "40/5400+30:1800+30"]

1. e4 e5 2. Nf3 Nf6 3. Nxe5 d6 4. Nf3 Nxe4 5. Nc3 Nxc3 6. dxc3 Be7 7. Be3 O-O 8. Qd2 Nd7 9. O-O-O Nf6 10. Bd3 Re8 11. Rhe1 Bg4 12. Bg5 Nh5 13. Bxe7 Rxe7 14. Be4 Rb8 15. h3 Bd7 16. Nd4 Nf6 17. Bf3 Rxe1 18. Rxe1 c6 19. c4 Qf8 20. Qa5 Ra8 21. Rd1 Qd8 22. Qb4 Qc7 23. Nb3 Ne8 24. Qa5 b6 25. Qg5 Rd8 26. Nd4 Nf6 27. g4 a6 28. Qf4 c5 29. g5 Ne8 30. Bd5 Bxh3 31. Nc6 Rd7 32. Re1 Kf8 33. Rh1 Be6 34. Rxh7 g6 35. Rh8+ Kg7 36. Qh4 1-0

[Event "EICC 2025"]
[Site "Eforie-Nord"]
[Date "2025.03.17"]
[Round "3.18"]
[White "Iturrizaga Bonelli, Eduardo"]
[Black "Lavrencic, Matic"]
[Result "1/2-1/2"]
[Annotator "RC"]
[ECO "E11"]
[WhiteElo "2582"]
[BlackElo "2446"]
[PlyCount "27"]
[EventDate "2025.03.14"]
[EventType "swiss"]
[EventCountry "ROU"]
[SourceTitle "playchess.com"]
[Source "ChessBase"]
[SourceQuality "1"]
[TimeControl "40/5400+30:1800+30"]

1. d4 Nf6 2. c4 e6 3. g3 Bb4+ 4. Bd2 a5 5. Bg2 d5 6. Nf3 O-O 7. Qc2 c5 8. cxd5 cxd4 9. Nxd4 Qb6 10. e3 exd5 11. O-O Nc6 12. Nxc6 bxc6 13. Rc1 Rb8 14. Nc3 1/2-1/2

[Event "EICC 2025"]
[Site "Eforie-Nord"]
[Date "2025.03.17"]
[Round "3.18"]
[White "Kiolbasa, Oliwia"]
[Black "Kadric, Denis"]
[Result "0-1"]
[Annotator "RC"]
[ECO "C50"]
[WhiteElo "2360"]
[BlackElo "2542"]
[PlyCount "132"]
[EventDate "2025.03.14"]
[EventType "swiss"]
[EventCountry "ROU"]
[SourceTitle "playchess.com"]
[Source "ChessBase"]
[SourceQuality "1"]
[TimeControl "40/5400+30:1800+30"]

1. e4 e5 2. Nf3 Nc6 3. Bc4 d6 4. a4 h6 5. d4 Nf6 6. dxe5 dxe5 7. Qe2 Bd6 8. O-O O-O 9. c3 Ne7 10. Rd1 Ng6 11. Na3 a6 12. Ba2 Bd7 13. a5 Bxa3 14. bxa3 Qe7 15. a4 Rfd8 16. Bb3 Bc6 17. Ba3 Rxd1+ 18. Bxd1 Qe8 19. Nd2 Rd8 20. f3 Bxa4 21. Nf1 Nf4 22. Qe1 Bxd1 23. Rxd1 Rxd1 24. Qxd1 Qb5 25. g3 Ne2+ 26. Kf2 Nxc3 27. Qc2 Qc4 28. Ke1 Qc6 29. Bb2 Nb5 30. Qxc6 bxc6 31. Bxe5 Nd7 32. Bf4 Nc5 33. Nd2 f6 34. Nc4 Kf7 35. Be3 Nb7 36. Kd2 Ke6 37. Kd3 N5d6 38. Bd2 Nc5+ 39. Kc3 Nb5+ 40. Kb4 Nd3+ 41. Kb3 Nd6 42. Be3 Kd7 43. Nd2 Ne5 44. f4 Nef7 45. Bd4 Nb7 46. Bc3 Ke6 47. Kc4 Nfd6+ 48. Kd3 Nb5 49. Nb3 c5 50. Be1 Kd6 51. Nc1 Kc6 52. Ne2 N7d6 53. e5 fxe5 54. fxe5 Nf7 55. Ke4 Ng5+ 56. Ke3 Kd5 57. g4 Nf7 58. Bg3 g5 59. h4 Nxe5 60. hxg5 hxg5 61. Bxe5 Kxe5 62. Ng1 Nd4 63. Nh3 Ne6 64. Nf2 Kd5 65. Kd3 c4+ 66. Kc3 Nc5 0-1

[Event "EICC 2025"]
[Site "Eforie-Nord"]
[Date "2025.03.17"]
[Round "3.19"]
[White "Keinanen, Toivo"]
[Black "Turski, Bartlomiej"]
[Result "1/2-1/2"]
[Annotator "RC"]
[ECO "A07"]
[WhiteElo "2535"]
[BlackElo "2369"]
[PlyCount "59"]
[EventDate "2025.03.14"]
[EventType "swiss"]
[EventCountry "ROU"]
[SourceTitle "playchess.com"]
[Source "ChessBase"]
[SourceQuality "1"]
[TimeControl "40/5400+30:1800+30"]

1. g3 Nf6 2. Bg2 d5 3. Nf3 e6 4. O-O Be7 5. d3 O-O 6. Bf4 c5 7. e4 Nc6 8. a4 b6 9. Qe2 dxe4 10. dxe4 Bb7 11. Nc3 Qc8 12. Rfd1 Nb4 13. e5 Nfd5 14. Bg5 Nxc3 15. bxc3 Nd5 16. Bxe7 Nxe7 17. Ng5 Bxg2 18. Kxg2 Qc6+ 19. Kg1 h6 20. Ne4 Rad8 21. Nd6 Nf5 22. Qb5 Qc7 23. Nc4 Rxd1+ 24. Rxd1 Rd8 25. Rd3 Kh7 26. Nd2 Kg8 27. Ne4 c4 28. Rd2 Rxd2 29. Nxd2 Qd8 30. Nf1 1/2-1/2

[Event "EICC 2025"]
[Site "Eforie-Nord"]
[Date "2025.03.17"]
[Round "3.19"]
[White "Samadov, Read"]
[Black "Kourkoulos-Arditis, Stamatis"]
[Result "1/2-1/2"]
[Annotator "TA"]
[ECO "E15"]
[WhiteElo "2502"]
[BlackElo "2580"]
[PlyCount "81"]
[EventDate "2025.03.14"]
[EventType "swiss"]
[EventCountry "ROU"]
[SourceTitle "playchess.com"]
[Source "ChessBase"]
[SourceQuality "1"]
[TimeControl "40/5400+30:1800+30"]

1. d4 Nf6 2. c4 e6 3. Nf3 b6 4. g3 Ba6 5. Qc2 Bb7 6. Bg2 c5 7. d5 {[%emt 0:00:41] E15: Queen's Indian: 4 g3 sidelines, 4 g3 Ba6 and 4 g3 Bb7 early deviations.} exd5 8. cxd5 Nxd5 9. O-O Nc6 10. Rd1 Be7 11. Qf5 ({But not} 11. Rxd5 Nb4 12. Qd1 Bxd5 $17 (12... Nxd5 13. Ne1 $16)) 11... Nf6 12. e4 {[%emt 0:00:35] White sacrificed a pawn} g6 13. Qf4 O-O $36 {[%emt 0:00:09][%mdl 2048] Black has good play.} 14. e5 Nh5 15. Qc4 Re8 16. Nc3 Ng7 17. Nd5 Ne6 18. Be3 Nb4 19. Nf4 Qc8 20. a3 Nxf4 $146 (20... Bxf3 21. Bxf3 Nc6 22. Qc3 Ncd4 23. Bxd4 cxd4 24. Qd3 Rb8 25. Rac1 Qd8 26. Nxe6 dxe6 {½-½ Shirov,A (2715)-Leko,P (2707) EU-Cup 31st Skopje 2015 (2.1)}) 21. Bxf4 Nc6 22. Rd2 Nd8 23. Rad1 Bc6 24. Ne1 Ne6 25. Be3 (25. Nc2 $15) 25... Qc7 $1 $17 26. f4 {[%emt 0:03:51] [#]} Rad8 $1 27. g4 g5 28. Bd5 gxf4 (28... Bxd5 $142 29. Rxd5 gxf4 30. Bxf4 Qc6 (30... Bg5 31. Bxg5 Nxg5 32. h4 $11)) 29. Bxf4 Kh8 30. Nf3 Rg8 31. Bg3 Rg6 32. Qe4 Bxd5 33. Rxd5 Qc6 $1 {[%emt 0:00:06] Hoping for ...Nc7.} 34. Nh4 Bxh4 35. Bxh4 {[%emt 0:00:02] [#]} Re8 ({Black should play} 35... Rf8 $1 $17 36. Qf5 Kg8) 36. Qf5 $1 $11 {[%emt 0:01:09][%cal Oh2h3] The position is equal.} Ng7 37. Qxf7 {[%emt 0:03:03][%cal Oh2h3] and h3! should not be overlooked} Rxg4+ 38. Bg3 Qg6 39. Qxg6 (39. Qxd7 h5 40. Rf1 h4 $19) 39... Rxg6 40. Rxd7 Nf5 41. Rxa7 {[%emt 0:07:44] Weighted Error Value: White=0.09 (flawless) /Black=0.11 (very precise)   Mistake:       	White=1     	Black=2      Inaccurate:     	White=4     	Black=2      OK:         	White=12    	Black=15     Best:        	White=2     	---        Strong:       	White=1     	Black=3} 1/2-1/2

[Event "EICC 2025"]
[Site "Eforie-Nord"]
[Date "2025.03.17"]
[Round "3.20"]
[White "Jobava, Baadur"]
[Black "Cieslak, Patryk"]
[Result "1-0"]
[Annotator "TA"]
[ECO "D38"]
[WhiteElo "2578"]
[BlackElo "2411"]
[PlyCount "125"]
[EventDate "2025.03.14"]
[EventType "swiss"]
[EventCountry "ROU"]
[SourceTitle "playchess.com"]
[Source "ChessBase"]
[SourceQuality "1"]
[TimeControl "40/5400+30:1800+30"]

1. c4 e6 2. Nc3 d5 3. d4 Nf6 4. Nf3 Bb4 5. cxd5 exd5 6. Qa4+ Nc6 7. Bg5 h6 8. Bxf6 Qxf6 9. e3 O-O 10. Be2 Be6 11. O-O a6 12. Rfc1 Bd6 13. Qd1 Ne7 14. Rab1 {[%emt 0:01:57] D38: Queen's Gambit Declined: Ragozin Defence (4 Nf3 Bb4).} c6 15. Na4 $146 (15. b4 Bf5 16. Bd3 Rfe8 17. Na4 Bg4 18. Be2 Bf5 19. Bd3 Bg4 20. Be2 Bf5 21. Bd3 {½-½ Bochev,K (2479)-Andriuschenko,N (2551) EU-chT7 qual 1-04 email 2005}) 15... Rab8 16. b4 {[%emt 0:01:02] The position is equal.} Bf5 17. Rb3 Nc8 18. Nc5 Nb6 19. Nd2 Qh4 20. g3 {[%emt 0:00:07] Successful Defense White} Qe7 21. Rbc3 g6 22. Ndb3 h5 23. Na5 h4 24. Bg4 $1 hxg3 25. hxg3 Bxg4 (25... Be4 $11) 26. Qxg4 $14 Kg7 $1 27. Qf3 (27. Qh4 $14) 27... Rh8 $11 28. Naxb7 Rxb7 29. Nxb7 Qxb7 30. Rxc6 Rc8 31. Rxc8 Nxc8 32. a3 Ne7 33. Qe2 Nf5 34. Kg2 Qe7 35. Qf3 (35. Qxa6 Qe4+ (35... Bxg3 36. Qd3 $15) 36. Kg1 Nxe3 (36... Bxg3 37. Qf1 $15) 37. fxe3 Qxe3+ (37... Bxg3 $2 38. Qe2 $18) 38. Kg2 Qxg3+ (38... Qxc1 39. Qxd6 Qc2+ 40. Kh3 $11) 39. Kf1 Qf3+ 40. Ke1 Qe3+ 41. Kd1 Bf4 $19) 35... Qb7 36. Rh1 Nh6 37. g4 $1 Qe7 38. Kf1 $1 (38. Qxd5 Nxg4 39. Kf3 Nh6 $11) 38... Qe6 ({Black should play} 38... Ng8 $1 $14) 39. g5 $1 $16 Ng8 40. Rh4 Be7 41. Qg3 {[%emt 0:39:50] White is more active.} Bd6 (41... f6 $16) 42. Qh3 $18 Qxh3+ 43. Rxh3 f6 (43... Ne7 $16 44. Rh1 Nc8) 44. gxf6+ Nxf6 45. Ke2 Nd7 {[%emt 0:01:55] [#]} 46. e4 dxe4 $16 47. Rc3 Kf7 48. Rc6 {[%emt 0:00:00][%mdl 1024] White has strong compensation.} Ke6 49. Rxa6 Nf6 (49... Kd5 $16 50. Ke3 Nf6) 50. Ke3 (50. b5 $18) 50... Ng4+ (50... Kd5 $14) 51. Ke2 $2 (51. Kxe4 $18 {aiming for d5+.} Nxf2+ 52. Kf3) 51... Nh6 (51... Nf6 $1 $11) 52. Ke3 (52. Kd2 $16) 52... Ng4+ $18 53. Kxe4 Nxf2+ 54. Kf3 Nh3 {[%emt 0:00:10][%mdl 8192] This move loses the game for Black.} (54... Nd3 $16 {is more resistant.} 55. Ke3 Nb2) 55. b5 Ng5+ 56. Ke3 Nf7 (56... Kd5 $142 57. b6 (57. a4 Ne6 $16) 57... Ne6) 57. a4 Kd5 58. a5 g5 59. Ra7 Bf4+ 60. Kd3 Nd6 61. a6 {[%emt 0:00:00] Intending Rd7 and mate.} Nxb5 {[%emt 0:01:32] [#]} 62. Rb7 $1 Nd6 63. Rb8 {[%emt 0:00:00] Weighted Error Value: White=0.16 (very precise) /Black=0.64  Loses game:     	---       	Black=1      Missed win:     	White=1     	---        Mistake:       	White=4     	Black=8      Inaccurate:     	White=1     	Black=3      OK:         	White=9     	Black=18     Best:        	White=6     	Black=2      Strong:       	White=4     	Black=1} 1-0